[Event "ICCopen2016"]
[Site "Internet Chess Club"]
[Date "2016.06.03"]
[Round "11"]
[White "Tyrel"]
[Black "HawkKing"]
[Result "0-1"]
[ICCResult "White forfeits on time"]
[WhiteElo "2013"]
[BlackElo "2271"]
[Opening "Queen's pawn"]
[ECO "A40"]
[NIC "QO.17"]
[Time "20:59:40"]
[TimeControl "180+0"]

1. d4 e6 2. e3 d5 3. Bd3 Nf6 4. f4 Be7 5. Nf3 O-O 6. O-O b6 7. Ne5 Bb7 8.
Nd2 Nbd7 9. Qf3 Nxe5 10. fxe5 Nd7 11. Qh5 g6 12. Qh3 c5 13. c3 a5 14. Bc2
Ba6 15. Rf2 b5 16. Nf3 b4 17. e4 dxe4 18. Bxe4 Rc8 19. Qh6 f5 20. exf6 Nxf6
21. Ng5 Qd7 22. Rf4 Bd6 23. Rh4 Qg7 24. Qxg7+ Kxg7 25. Nxe6+ Kg8 26. Nxf8
Rxf8 27. Bg5 Nh5 28. Bd5+ Kg7 29. g4 h6 30. Bd2 Bf4 31. Bxf4 Nxf4 32. Bg2 g5
33. Rh3 Nxh3+ 34. Bxh3 cxd4 35. cxd4 Rf3 36. Bg2 Rf4 37. d5 Rd4 38. Re1 Bc4
39. b3 Bxd5 40. Bxd5 Rxd5 41. Re2 Rd4 42. h3 Rd3 43. Kg2 Rd5 44. Rf2 Kg6 45.
Re2 h5 46. gxh5+ Kxh5 47. Kg3 Rd3+ 48. Kg2 Rd5 49. Rf2 Kh4 50. Re2 Rd3 51.
Re4+ Kh5 52. Re2 Rc3 53. Rf2 Rc5 54. Re2 a4 55. Rf2 axb3 56. axb3 Rc3 57.
Rb2 Kh4 58. Kh2 Rxh3+ 59. Kg2 Rg3+ 60. Kf2 Rc3 61. Re2 g4 62. Rb2 g3+ 63.
Kg2 Kg4 64. Rd2 Rxb3 65. Rd4+ Kf5 66. Rd5+ Ke4 67. Rd2 Ke3 68. Rd1 Rc3 69.
Kxg3 b3 70. Re1+ Kd2+ 71. Kf4 Kxe1 72. Ke4 Kd1 73. Kd4 Kc2
{White forfeits on time}
0-1

[Event "ICCopen2016"]
[Site "Internet Chess Club"]
[Date "2016.06.03"]
[Round "11"]
[White "ARMCOMPOSER"]
[Black "Iturrizaga"]
[Result "0-1"]
[ICCResult "White checkmated"]
[WhiteElo "3027"]
[BlackElo "2989"]
[Opening "Sicilian: Hungarian variation"]
[ECO "B27"]
[NIC "SI.43"]
[Time "20:59:39"]
[TimeControl "180+0"]

1. e4 c5 2. Nf3 g6 3. d4 cxd4 4. Qxd4 Nf6 5. Nc3 Nc6 6. Qa4 d6 7. e5 dxe5 8.
Nxe5 Bd7 9. Nxd7 Qxd7 10. Be3 Bg7 11. Rd1 Qc8 12. Bb5 O-O 13. O-O Ng4 14.
Bf4 Nge5 15. Nd5 Kh8 16. Bxe5 Nxe5 17. Nxe7 Qc5 18. Nd5 a6 19. Be2 Rad8 20.
Ne3 Nc6 21. c3 f5 22. Rxd8 Rxd8 23. Rd1 Re8 24. Bf3 Bh6 25. Bxc6 bxc6 26.
Qd4+ Qxd4 27. Rxd4 f4 28. Nf1 Re2 29. Rd2 f3 30. Rd8+ Kg7 31. Rd7+ Kg8 32.
b4 Bg7 33. Rc7 Bxc3 34. gxf3 Be1 35. Rxc6 Bxf2+ 36. Kg2 Bd4+ 37. Kh3 Rxa2
38. Ng3 Be5 39. Rc4 Rf2 40. Kg4 Rxh2 41. f4 Bd6 42. Rc6 Bxb4 43. Rxa6 Rg2
44. Kf3 Rc2 45. f5 Rc3+ 46. Kg4 Rc4+ 47. Kf3 Kg7 48. fxg6 hxg6 49. Ne4 Rc7
50. Ra4 Be7 51. Ra6 Rd7 52. Re6 Kh6 53. Kg4 Bd8 54. Ng3 Rd4+ 55. Re4 Rd5 56.
Ne2 Bc7 57. Nf4 Rg5+ 58. Kf3 Rf5 59. Kg4 Rxf4+ 60. Rxf4 Bxf4 61. Kxf4 Kh5
62. Kg3 Kg5 63. Kf3 Kh4 64. Kg2 Kg4 65. Kh2 Kf3 66. Kg1 g5 67. Kh2 g4 68.
Kg1 Kg3 69. Kh1 Kf2 70. Kh2 g3+ 71. Kh3 g2 72. Kg4 g1=Q+ 73. Kf5 Qg3 74. Ke4
Qe3+ 75. Kd5 Kf3 76. Kc6 Qe4+ 77. Kb5 Kf4 78. Kb6 Ke5 79. Ka7 Qc2 80. Ka8
Qb3 81. Ka7 Kd5 82. Ka8 Kc6 83. Ka7 Qb7# {White checkmated} 0-1

[Event "ICCopen2016"]
[Site "Internet Chess Club"]
[Date "2016.06.03"]
[Round "11"]
[White "Panesso"]
[Black "Arostos"]
[Result "0-1"]
[ICCResult "White forfeits on time"]
[WhiteElo "2235"]
[BlackElo "2016"]
[Opening "Ruy Lopez: Cozio defense"]
[ECO "C60"]
[NIC "RL.04"]
[Time "20:59:28"]
[TimeControl "180+0"]

1. e4 e5 2. Nf3 Nc6 3. Bb5 Nge7 4. O-O a6 5. Bxc6 Nxc6 6. d4 exd4 7. Nxd4
Be7 8. Nxc6 dxc6 9. Bf4 Be6 10. Nc3 Bd6 11. Qf3 Qf6 12. Bg3 Qxf3 13. gxf3
O-O-O 14. Rad1 Bb4 15. a3 Bxc3 16. bxc3 Rxd1 17. Rxd1 Rd8 18. Rxd8+ Kxd8 19.
f4 f5 20. f3 g6 21. Kf2 c5 22. Ke3 b5 23. Kd3 c6 24. Bf2 c4+ 25. Kd4 Kd7 26.
Ke5 fxe4 27. fxe4 Bg4 28. Kf6 Bd1 29. e5 Bxc2 30. e6+ Ke8 31. Bc5 h5 32. Ke5
Bd1 33. Kd6 Bf3 34. Kc7 a5 35. Kd6 a4 36. Ke5 Bg4 37. Kf6 Bf5 38. h4 Be4 39.
Ke5 Bf5 40. Kd6 Be4 41. Bb4 Bf3 42. Ke5 Bg2 43. Kd4 Bh1 44. Kc5 Bg2 45. Kd6
Bf3 46. Ke5 Bg2 47. f5 gxf5 48. Kxf5 Bd5 49. Kg5 Bf3 50. Kf4 Bd1 51. Kf5
Bg4+ 52. Kf6 Bd1 53. e7 Bg4 54. Ke5 Bd1 55. Kd6 Bf3 56. Kc5 Bd5 57. Kd4 Bg2
58. Ke3 Bd5 59. Kd4 Bf3 60. Bc5 Bh1 61. Ke3 Bg2 62. Bb4 Bh1 63. Kf4 Bd5 64.
Kf5 Bf3 65. Kg5 Bd1 66. Bc5 Bg4 67. Kf4 Be2 {White forfeits on time} 0-1

[Event "ICCopen2016"]
[Site "Internet Chess Club"]
[Date "2016.06.03"]
[Round "11"]
[White "Kastor"]
[Black "Sebs"]
[Result "0-1"]
[ICCResult "White resigns"]
[WhiteElo "2874"]
[BlackElo "3032"]
[Opening "Ruy Lopez: Archangelsk (counterthrust) variation"]
[ECO "C78"]
[NIC "RL.12"]
[Time "21:00:07"]
[TimeControl "180+0"]

1. e4 e5 2. Nf3 Nc6 3. Bb5 a6 4. Ba4 Nf6 5. O-O b5 6. Bb3 Bb7 7. d3 Be7 8.
a3 O-O 9. Re1 Re8 10. Nc3 Bf8 11. Bg5 h6 12. Bxf6 Qxf6 13. Bd5 Bc5 14. Ne2
Bb6 15. Ng3 g6 16. c3 Rab8 17. b4 h5 18. h3 a5 19. Nf1 a4 20. Ne3 d6 21. Rf1
Qf4 22. g3 Qh6 23. Qe2 Bxe3 24. fxe3 Nd8 25. Ba2 Bc8 26. Kg2 Be6 27. c4 bxc4
28. dxc4 f6 29. Rac1 c5 30. Rfd1 Nf7 31. Rb1 g5 32. Nd2 g4 33. h4 cxb4 34.
axb4 Ra8 35. Rf1 Kg7 36. Rf2 Qg6 37. Qd3 Rf8 38. Rbf1 Qh6 39. Nb1 Rfb8 40.
b5 Qg6 41. Nc3 Ra7 42. Rb2 a3 43. Rbf2 Rc7 44. Bb3 Ra7 45. Ra2 Ra5 46. Rfa1
Rba8 47. Qd2 f5 48. exf5 Bxf5 49. Kh2 Bd3 50. Rd1 e4 51. Bc2 Ne5 52. Kh1
Nxc4 53. Qe1 Ne5 54. Bb3 Nf3 55. Qf2 Qf6 56. Nd5 Qe5 57. Nf4 Rxb5 58. Be6
Rb2 59. Rxb2 axb2 60. Bd5 Ra1 {White resigns} 0-1

[Event "ICCopen2016"]
[Site "Internet Chess Club"]
[Date "2016.06.03"]
[Round "11"]
[White "croder"]
[Black "blackending"]
[Result "0-1"]
[ICCResult "White resigns"]
[WhiteElo "1700"]
[BlackElo "1666"]
[Opening "Sicilian: closed"]
[ECO "B23"]
[NIC "SI.44"]
[Time "20:59:36"]
[TimeControl "180+0"]

1. e4 c5 2. Nc3 d6 3. d3 e6 4. Nf3 Nf6 5. Be2 g6 6. Be3 Bg7 7. Qd2 a6 8.
O-O-O O-O 9. h3 Qc7 10. Kb1 Nc6 11. g4 b5 12. g5 Nd7 13. h4 b4 14. Na4 Nce5
15. Nxe5 Nxe5 16. f4 Nc6 17. h5 Bd7 18. hxg6 fxg6 19. Rh4 Rf7 20. b3 Nd4 21.
Bxd4 Bxd4 22. c3 bxc3 23. Nxc3 Bc6 24. Rdh1 d5 25. e5 c4 26. dxc4 Bxc3 27.
Qxc3 dxc4 28. Rc1 Be4+ 29. Kb2 Rd8 30. Bxc4 Qd7 31. Bxa6 Qd2+ 32. Qxd2 Rxd2+
33. Ka3 Ra7 34. Rc8+ Kg7 35. Rc7+ Rxc7 36. Bc4 Ra7+ 37. Kb4 Raxa2 38. Rh6
Bd5 39. Bxd5 Rxd5 40. Kc4 Rf2 41. Rh4 Rf3 42. b4 Rfd3 43. b5 R3d4+ 44. Kc3
Rd1 45. Kc4 Rc1+ 46. Kb4 Rb1+ 47. Kc4 Rbxb5 48. f5 gxf5 49. Rh6 Rxe5 50. Rf6
Rbc5+ 51. Kd4 Rcd5+ 52. Kc4 f4 53. Rxf4 Rxg5 54. Rh4 Rh5 55. Rg4+ Rdg5 56.
Re4 e5 57. Kd5 Kf6 58. Re1 Rh3 59. Rf1+ Rf5 60. Re1 Rd3+ 61. Kc5 Rd4 62. Re2
h5 63. Rh2 h4 64. Rh3 Rf1 65. Rh2 Rc1+ 66. Kb5 Ke6 67. Rg2 Rd2 68. Rg6+ Kd5
69. Rg4 Rb2+ 70. Rb4 Rxb4+ 71. Kxb4 h3 72. Kb3 h2 73. Kb2 Rc4 74. Kb3 h1=Q
75. Kb2 Qf3 76. Kb1 Rg4 {White resigns} 0-1

[Event "ICCopen2016"]
[Site "Internet Chess Club"]
[Date "2016.06.03"]
[Round "11"]
[White "lion100"]
[Black "boydjj"]
[Result "0-1"]
[ICCResult "White forfeits on time"]
[WhiteElo "1359"]
[BlackElo "1482"]
[Opening "French defense"]
[ECO "C00"]
[NIC "FR.01"]
[Time "21:00:20"]
[TimeControl "180+0"]

1. e4 e6 2. Nf3 b6 3. d4 Bb7 4. Nc3 Qe7 5. Be3 Nc6 6. Qd2 O-O-O 7. O-O-O Nb4
8. a3 Nc6 9. d5 Nb8 10. Bc4 d6 11. Rhe1 e5 12. Nb5 Na6 13. Nxa7+ Kb8 14.
Nc6+ Bxc6 15. dxc6 Nc5 16. Bxc5 dxc5 17. Qc3 Rd6 18. Bd5 f5 19. Nxe5 fxe4
20. Rxe4 Nf6 21. Nd7+ Nxd7 22. Rxe7 Bxe7 23. cxd7 Rd8 24. Qb3 R8xd7 25. Bf3
Rxd1+ 26. Bxd1 Bg5+ 27. Kb1 Rxd1+ 28. Ka2 Bf6 29. Qg8+ Kb7 30. Qxh7 Rd2 31.
Kb3 Rxf2 32. g3 Re2 33. Qf5 Re3+ 34. c3 Re5 35. Qf3+ Kb8 36. h3 b5 37. Qc6
c4+ 38. Kb4 Be7+ 39. Ka5 Bc5 40. Ka6 Kc8 41. Qxb5 Re6+ 42. Ka5 Re5 43. Ka4
Bb6 44. Qxc4 Ra5+ 45. Kb3 Rg5 46. Qe6+ Kb8 47. g4 Rb5+ 48. Ka2 Rc5 49. Qe8+
Kb7 50. Qe4+ Ka7 51. Qd4 Rc6 52. Qa4+ Kb7 53. Qe4 Bc5 54. Qe5 Bd6
{White forfeits on time}
0-1

[Event "ICCopen2016"]
[Site "Internet Chess Club"]
[Date "2016.06.03"]
[Round "11"]
[White "jonesey"]
[Black "manta2"]
[Result "1-0"]
[ICCResult "Black forfeits on time"]
[WhiteElo "1753"]
[BlackElo "1129"]
[Opening "Sicilian defense"]
[ECO "B20"]
[NIC "SI.48"]
[Time "21:01:01"]
[TimeControl "180+0"]

1. e4 c5 2. c4 e6 3. Nc3 Nc6 4. g3 a6 5. Bg2 b6 6. Nge2 Bb7 7. d4 cxd4 8.
Nxd4 Ne5 9. b3 Bc5 10. Be3 Bb4 11. Rc1 Nf6 12. h3 O-O 13. O-O Bxc3 14. Rxc3
Nxe4 15. Rc1 Nxf2 16. Bxf2 Bxg2 17. Kxg2 d5 18. c5 Qg5 19. cxb6 Ng6 20. Kh2
Rac8 21. Nc6 Ne5 22. Nxe5 Qxe5 23. Qd3 h5 24. Bd4 Qg5 25. Rxc8 Rxc8 26. h4
Qg4 27. Qxa6 Rc2+ 28. Rf2 Rxf2+ 29. Bxf2 Qf3 30. Bc5 {Black forfeits on
time} 1-0

[Event "ICCopen2016"]
[Site "Internet Chess Club"]
[Date "2016.06.03"]
[Round "11"]
[White "luckypawns"]
[Black "Hellzito"]
[Result "0-1"]
[ICCResult "White forfeits on time"]
[WhiteElo "1598"]
[BlackElo "1889"]
[Opening "Sicilian defense"]
[ECO "B20"]
[NIC "SI.48"]
[Time "21:01:12"]
[TimeControl "180+0"]

1. e4 c5 2. d3 Nc6 3. Nd2 g6 4. Be2 Bg7 5. Nf1 Nf6 6. Ng3 d6 7. f4 O-O 8.
Nf3 b5 9. O-O a5 10. c3 b4 11. Bd2 Ba6 12. Qc2 Rc8 13. Rad1 Qb6 14. c4 Bb7
15. f5 Nd7 16. Bg5 Qc7 17. Qd2 Nde5 18. Bh6 Nd4 19. Nxd4 cxd4 20. Bxg7 Kxg7
21. Qg5 f6 22. Qh4 g5 23. Qh3 Qd7 24. Nh5+ Kh8 25. Qg3 Qa4 26. Ra1 Qc2 27.
Bf3 Qxd3 28. Rad1 Qxc4 29. h4 Rg8 30. hxg5 Rxg5 31. Qf2 d3 32. Ng3 Qc5 33.
Qxc5 Rxc5 34. Nh1 Rc2 35. Rf2 Nxf3+ 36. Rxf3 Rgxg2+ 37. Kf1 Bxe4 38. Rf2
Rgxf2+ 39. Nxf2 Bxf5 40. Nxd3 Bxd3+ 41. Rxd3 Rxb2 42. a3 bxa3 43. Rxa3 e5
44. Ke1 Kg7 45. Rxa5 Kg6 46. Ra3 d5 47. Rg3+ Kf5 48. Rh3 d4 49. Rxh7 Ke4 50.
Rh3 f5 51. Kd1 f4 52. Rh1 Rg2 53. Rh2 Rxh2 {White forfeits on time} 0-1